 Dungeon Crawl Stone Soup version 0.31-a0-217-g58bb5d79cf (webtiles) character file.

Game seed: 8914529305875183424

4 qw the Vexing (level 1, -1/12 HPs)
             Began as a Gargoyle Hexslinger on July 2, 2023.
             Slain by a kobold
             ... wielding a +0 short sword
              (3 damage)
             ... on level 1 of the Dungeon.
             The game lasted 00:00:04 (97 turns).

qw the Vexing (Gargoyle Hexslinger)                   Turns: 97, Time: 00:00:05

Health: -1/12      AC:  4    Str: 11    XL:     1   Next: 60%
Magic:  2/2        EV: 12    Int: 13    God:
Gold:   8          SH:  0    Dex: 12    Spells: 1/2 levels left

rFire   . . .        a - +1 sling
rCold   . . .        (no shield)
rNeg    + . .        c - +0 robe
rPois   inf          (no helmet)
rElec   +            (no cloak)
rCorr   .            (no gloves)
SInv    .            (no boots)
Will    .....        (no amulet)
Stlth   +            (no ring)
HPRegen 0.22/turn    (no ring)
MPRegen 0.08/turn

%: no passive effects
@: no status effects
A: sickness immunity, AC +2, negative energy resistance 1, electricity
resistance, torment resistance 1, petrification resistance
a: no special abilities


You were on level 1 of the Dungeon.
You visited 1 branch of the dungeon, and saw 1 of its levels.

You collected 8 gold pieces.


Innate Abilities, Weirdness & Mutations

You are immune to sickness and miasma.
Your stone body is resilient. (AC +2)
You are immune to poison.
You resist negative energy. (rN+)
You are resistant to electric shocks. (rElec)
You are resistant to unholy torment.
You are immune to petrification.


   Skills:
 - Level 1.1 Fighting
 + Level 2.4 Ranged Weapons
 - Level 1.5 Dodging
 - Level 1.0 Spellcasting
 - Level 2.6 Hexes


You had one spell level left.
You knew the following spells:

 Your Spells              Type           Power      Damage    Failure   Level
a - Slow                  Hex            28%        N/A       10%         1

Your spell library contained the following spells:

 Spells                   Type           Power      Damage    Failure   Level
 Inner Flame              Hex/Fire       4%         N/A       43%         3
 Portal Projectile        Hex/Tloc       8%         N/A       43%         3
 Cause Fear               Hex            3%         N/A       67%         4

Inventory:

Hand Weapons
 a - a +1 sling (weapon)
Armour
 c - a +0 robe (worn)
Scrolls
 b - a scroll of poison
 d - a scroll of blinking {unknown}

Dungeon Overview and Level Annotations

Branches:
Dungeon (1/15)

Altars:

Shops:
D:1 *!


Message History

The sling bullet closely misses the bat.
The bat hits you but does no damage.
You shoot a sling bullet.
The sling bullet barely misses the kobold.
The bat misses you.
The kobold hits you with a +0 short sword.
The kobold completely misses you.
You shoot a sling bullet. The sling bullet hits the kobold.
The kobold is moderately wounded.
The bat barely misses you.
The kobold hits you with a +0 short sword.
You shoot a sling bullet.
The sling bullet hits the kobold but does no damage.
The kobold is moderately wounded.
The bat hits you but does no damage. The kobold hits you but does no damage.
You shoot a sling bullet.
The sling bullet barely misses the kobold.
The bat hits you but does no damage. The bat hits you.
The kobold barely misses you. The kobold misses you.
You shoot a sling bullet. The sling bullet misses the kobold.
The bat hits you. The bat hits you but does no damage.
The kobold hits you but does no damage.
You shoot a sling bullet.
The sling bullet closely misses the kobold.
The bat hits you.
The kobold hits you with a +0 short sword.
You shoot a sling bullet.
The sling bullet closely misses the kobold.
The bat misses you. The kobold barely misses you.
The bat hits you but does no damage.
You shoot a sling bullet.
The sling bullet hits the kobold but does no damage.
The kobold is moderately wounded.
The bat hits you but does no damage.
The kobold hits you with a +0 short sword.
The bat misses you. The kobold hits you but does no damage.
You shoot a sling bullet. The sling bullet misses the kobold.
The bat barely misses you. The bat hits you but does no damage.
The kobold hits you with a +0 short sword.
You die...

.. ##. .. .7 .
##.. .7.. .7
#... ...7 ..
#...7.7. .7
#...b..7.7..#
#...7K....7
##..@#
#...####
##.#.P.P##
#...P....#
#..7P7P.P.#
#..P7777PPP#.#
#.7.7 ...#.#
#.P77 77P....
#.77777P7..#


You could see a bat and a kobold.

Vanquished Creatures
  A giant cockroach (D:1)
  A goblin (D:1)
  2 rats (D:1)
4 creatures vanquished.

Notes
Turn   | Place    | Note
-------+----------+-------------------------------------------
     0 | D:1      | qw the Gargoyle Hexslinger began the quest for the Orb.
     0 | D:1      | Reached XP level 1. HP: 12/12 MP: 2/2
     0 | D:1      | 0 ||| qw: Version: 0.3-a-40-ge99b1a8
     0 | D:1      | 0 ||| qw: Game counter: 39
     0 | D:1      | 0 ||| qw: Melee chars always use a shield: true
     0 | D:1      | 0 ||| qw: God list: Okawaru
     0 | D:1      | 0 ||| qw: Allow faded altars: false
     0 | D:1      | 0 ||| qw: Do Orc after clearing Dungeon:15 true
     0 | D:1      | 0 ||| qw: Do second Lair branch before Depths: true
     0 | D:1      | 0 ||| qw: Lair rune preference: random
     0 | D:1      | 0 ||| qw: Goals: Normal
     0 | D:1      | 0 ||| PLANNING D:1-11
     4 | D:1      | Found Oruac's Assorted Antiques.
    18 | D:1      | Found Girou's Distillery.
    23 | D:1      | 23 ||| SHOPLISTING ring mail (120 gold, have 0).
    23 | D:1      | 23 ||| SHOPLISTING scroll labelled AFUNUSHUNY (30 gold,
                  | have 0).
    23 | D:1      | 23 ||| SHOPLISTING scroll labelled EKHACWOLUU (30 gold,
                  | have 0).
    23 | D:1      | 23 ||| SHOPLISTING scroll labelled EWITZUSYRPH (30 gold,
                  | have 0).
    23 | D:1      | 23 ||| SHOPLISTING scroll labelled FESKIG TALULE (30 gold,
                  | have 0).
    31 | D:1      | 31 ||| SHOPLISTING potion of curing (30 gold, have 0).
    31 | D:1      | 31 ||| SHOPLISTING potion of enlightenment (50 gold, have
                  | 0).
    31 | D:1      | 31 ||| SHOPLISTING potion of heal wounds (50 gold, have 0).
    94 | D:1      | HP: 2/12 [kobold/+0 short sword (4)]
    97 | D:1      | Slain by a kobold

Levels and vault maps discovered:
D:1:      dpeg_arrival_fog, layout_loops_corners, serial_forest,
          infiniplex_forest_lined_ring, infiniplex_forest_lined_2,
          infiniplex_forest_straight_3, infiniplex_forest_clump_long,
          infiniplex_forest_clump_diagonal, infiniplex_forest_straight_4,
          infiniplex_forest_straight_2, infiniplex_forest_clump_large,
          nicolae_ecumenical_lake_church, serial_shops,
          nicolae_shop_overgrown_old_shop, shop,
          nicolae_shop_competitors_out_of_business, shop

Action                     || total
---------------------------++-------
   Fire: Sling             ||    26
 Armour: Robe              ||    10
  Dodge: Dodged            ||    13

Table legend:
 A = Non-vault XP
 B = Vault XP
 C = Vault XP percentage of total XP
 D = Non-vault monster count
 E = Vault monster count
 F = Vault count percentage of total count
                 A         B        C        D         E       F
            +---------+---------+-------+---------+---------+-------
      Total |       6 |       0 |   0.0 |       4 |       0 |   0.0
            +---------+---------+-------+---------+---------+-------
        D:1 |       6 |       0 |   0.0 |       4 |       0 |   0.0
            +---------+---------+-------+---------+---------+-------
